Map: Torches LE

Players

IWillCoachU (SpeCial) - Winner!

  • Race: Terran Terran
  • League: Grandmaster
  • Spawn Location: 5:00

Epic

  • Race: Protoss Protoss
  • League: Master
  • Spawn Location: 1:00

VOD

Have the link to the VOD?

Description

Time

  • Played on: July 12, 2025, 3:25 p.m.
  • Length: 8:27
Show
View Real Time Build Order
Export as new Build Order

IWillCoachU Terran - Winner!

Build Orders:  

Get SALT Encoding   

  12  0:00  SCV  
  13  0:12  SCV  
  14  0:17  Supply Depot  
  14  0:24  SCV  
  15  0:38  SCV  
  15  0:39  Barracks  
  16  0:43  Refinery  
  16  0:50  SCV  
  16  0:53  Refinery  
  17  1:02  SCV  
  18  1:14  SCV  
  19  1:27  Reaper, Orbital Command  
  19  1:31  Supply Depot  
  20  1:41  Factory  
  20  1:53  SCV  
  21  1:59  Reaper  
  22  2:05  SCV  
  23  2:17  SCV  
  23  2:22  Command Center  
  24  2:29  SCV  
  25  2:31  Hellion  
  25  2:34  Barracks Reactor  
  27  2:41  Starport  
  27  2:43  SCV  
  28  2:50  Supply Depot  
  28  2:53  Widow Mine  
  28  2:55  SCV  
  31  3:11  SCV, Marine  
  31  3:12  Marine  
  34  3:14  Widow Mine  
  34  3:19  Medivac  
  36  3:28  SCV  
  36  3:29  Marine x2  
  39  3:37  Factory Tech Lab  
  39  3:41  Orbital Command  
  39  3:42  SCV  
  40  3:50  Marine x2  
  40  3:54  SCV  
  43  3:57  Siege Tank  
  46  4:06  SCV  
  46  4:08  SCV, Marine x2  
  50  4:10  Supply Depot  
  50  4:15  Liberator  
  53  4:18  SCV  
  54  4:24  Supply Depot  
  54  4:31  Marine x2, SCV x2  
  54  4:38  Siege Tank  
  61  4:43  SCV  
  62  4:45  SCV  
  62  4:47  Supply Depot  
  62  4:49  Marine x2  
  65  4:55  SCV  
  65  4:58  SCV, Barracks  
  67  5:01  Starport Tech Lab  
  67  5:05  Supply Depot  
  67  5:07  Marine x2  
  67  5:08  SCV  
  67  5:10  SCV  
  67  5:12  Barracks  
  71  5:20  SCV  
  72  5:22  SCV  
  72  5:24  Refinery  
  72  5:25  Engineering Bay  
  72  5:26  Marine x2  
  72  5:27  Factory Reactor  
  73  5:32  SCV  
  73  5:34  SCV  
  75  5:40  Starport Reactor  
  68  5:44  SCV, Bunker  
  68  5:45  Marine x2  
  68  5:46  SCV  
  72  5:55  Marine, Stimpack  
  72  5:56  SCV  
  74  5:58  SCV  
  73  6:05  Supply Depot  
  73  6:08  SCV  
  73  6:09  Terran Infantry Weapons Level 1  
  73  6:10  SCV, Supply Depot, Refinery  
  75  6:11  Marine x2, Supply Depot  
  75  6:12  Marauder  
  75  6:13  Marauder  
  81  6:20  SCV  
  81  6:21  Combat Shield  
  81  6:23  SCV  
  83  6:29  Marine x2  
  83  6:32  SCV, Medivac  
  82  6:34  Marauder x2, Medivac  
  85  6:41  Widow Mine x2  
  84  6:51  Supply Depot  
  86  6:54  Supply Depot  
  86  6:55  Marine x2  
  86  6:56  Marauder  
  88  7:01  Marauder  
  88  7:04  Medivac  
  88  7:05  Widow Mine, Medivac  
  96  7:09  Widow Mine  
  96  7:14  Marine x2  
  100  7:19  Command Center  
  99  7:27  Marauder x2  
  103  7:34  Barracks  
  103  7:35  Barracks  
  103  7:37  Marine x2  
  103  7:44  SCV x2  
  107  7:46  Viking  
  107  7:48  Viking  
  107  7:49  Marauder x2  
  112  8:01  Marine x2  
  112  8:04  Widow Mine x2  
  114  8:10  SCV x2  
Show
View Real Time Build Order
Export as new Build Order

Epic Protoss 

Build Orders: 1 Gate Expand, Phoenix Opening, Blink Stalkers 

Get SALT Encoding   

  12  0:00  Probe  
  13  0:12  Probe  
  14  0:17  Pylon  
  14  0:24  Probe  
  15  0:32  Probe  
  15  0:36  Gateway  
  15  0:40  Probe  
  16  0:46  Assimilator  
  17  0:51  Probe  
  18  1:03  Probe  
  19  1:15  Probe  
  20  1:24  Nexus  
  20  1:35  Cybernetics Core  
  20  1:36  Probe  
  21  1:41  Assimilator  
  21  1:49  Probe  
  21  1:52  Pylon  
  22  1:59  Stalker  
  22  2:02  Probe  
  23  2:11  Warp Gate  
  23  2:14  Probe  
  26  2:26  Probe  
  26  2:27  Phoenix, Sentry  
  29  2:37  Probe  
  29  2:38  Probe  
  29  2:43  Twilight Council  
  30  2:44  Stalker  
  30  2:57  Probe x2  
  34  2:58  Shield Battery  
  34  3:04  Gateway  
  34  3:09  Blink, Probe x2  
  34  3:11  Stalker  
  33  3:28  Probe x2  
  35  3:41  Probe x2  
  37  3:50  Robotics Facility  
  37  3:53  Probe  
  38  3:56  Probe  
  38  4:00  Stalker  
  41  4:06  Stalker  
  41  4:09  Probe  
  45  4:10  Probe  
  45  4:16  Pylon  
  45  4:21  Probe  
  46  4:30  Pylon  
  46  4:34  Probe  
  46  4:35  Probe  
  49  4:45  Robotics Bay  
  48  4:46  Probe  
  48  4:47  Probe  
  48  4:52  Nexus  
  50  4:59  Stalker  
  52  5:00  Probe x2  
  52  5:05  Stalker  
  56  5:09  Pylon  
  56  5:15  Probe x2  
  56  5:19  Assimilator  
  56  5:20  Assimilator  
  57  5:29  Probe x2  
  57  5:30  Stalker x2  
  60  5:41  Probe x2  
  61  5:54  Probe  
  62  5:59  Pylon  
  62  6:02  Pylon  
  62  6:03  Colossus  
  62  6:07  Pylon  
  62  6:11  Extended Thermal Lance  
  62  6:17  Probe x2  
  70  6:26  Nexus  
  70  6:34  Charge  
  70  6:40  Colossus  
  70  6:46  Probe  
  70  6:47  Probe  
  68  6:51  Pylon  
  68  6:52  Sentry  
  66  6:58  Forge  
  66  7:01  Probe x2  
  74  7:02  Sentry  
  76  7:08  Pylon  
  76  7:11  Shield Battery  
  76  7:16  Gateway  
  76  7:18  Gateway  
  76  7:27  Gateway  
  76  7:30  Gateway  
  76  7:33  Colossus  
  74  7:42  Stalker  
  79  7:48  Zealot  
  71  8:11  Zealot x3  
Tags
 
Add a new tag
Caveats
  • Supply blocks, unpowered buildings, or Contaminate may cause inaccurate times.
  • Supply counts are checked every 10 seconds.